 Dungeon Sprint DCSS version 0.30-a0-879-ga8ba668304 (webtiles) character file.

Game seed: 15144428524625359721

24494 rocky1 the Slayer (level 13, 0/175 HPs)
             Began as an Ogre Gladiator on Mar 14, 2023.
             Was an Initiate of Gozag.
             Slain by a deep troll shaman (9 damage)
             ... in the Dungeon (Sprint IX: "|||||||||||||||||||||||||||||").
             The game lasted 00:12:11 (3821 turns).

rocky1 the Slayer (Ogre Gladiator)                  Turns: 3821, Time: 00:12:13

Health: 0/175      AC: 16    Str: 25    XL:     13   Next: 13%
Magic:  13/13      EV: 10    Int:  9    God:    Gozag
Gold:   499        SH:  0    Dex: 10    Spells: 12/12 levels left

rFire   + + .      SeeInvis .    y - +2 great mace
rCold   . . .      Faith    .    (shield currently unavailable)
rNeg    . . .      Spirit   .    a - +1 storm dragon scales
rPois   .          Reflect  .    c - +0 hat
rElec   +          Rampage  .    I - +1 cloak
rCorr   .          NoTele   +    (gloves unavailable)
Will    +....                    (boots unavailable) Stlth
                                 (no amulet)
HPRegen 0.49/turn                o - ring of protection from fire
MPRegen 0.13/turn                F - ring of protection from fire

@: gold aura, hasted (expiring), very quick
A: large, unfitting armour, tough skin 1
a: Renounce Religion, Potion Petition, Call Merchant, Bribe Branch


You were in the Dungeon.
You worshipped Gozag.
Gozag was aware of your devotion.
You visited 1 branch You collected 8371 gold pieces.
You spent 3371 gold pieces at shops.
You paid 4501 gold pieces to Gozag.

Inventory:

Hand Weapons
 y - a +2 great mace (weapon)
Missiles
 d - a throwing net (quivered)
 e - 4 large rocks
 C - 5 javelins
Armour
 a - +1 storm dragon scales (worn)
 c - a +0 hat (worn)
 G - +0 swamp dragon scales
 H - a +1 tower shield
 I - a +1 cloak (worn)
Jewellery
 o - a ring of protection from fire (left hand)
 p - a ring of protection from cold
 F - a ring of protection from fire (right hand)
Wands
 n - a wand of iceblast (10)
Scrolls
 k - 4 scrolls of blinking
 l - 2 scrolls of identify
 m - 2 scrolls of amnesia
 t - 2 scrolls of enchant weapon
 u - 6 scrolls of enchant armour
 A - a scroll of silence
 D - a scroll of brand weapon
 J - 2 scrolls of fog
Potions
 f - 11 potions of curing
 h - 6 potions of heal wounds
 i - 4 potions of magic
 j - 2 potions of berserk rage
 s - 4 potions of mutation
 w - 4 potions of haste
 x - a potion of invisibility
 z - 2 potions of cancellation
 E - a potion of might
Miscellaneous
 B - a condenser vane


   Skills:
 + Level 23.2 Fighting
 + Level 20.9 Maces & Flails
 - Level 5.1 Throwing
 * Level 5.4 Armour
 + Level 14.0 Dodging
 - Level 3.2 Stealth


You had 12 spell levels left.
You didn't know any spells.
Your spell library contained the following spells:

 Spells                   Type           Power      Damage    Failure   Level
 Hailstorm                Conj/Ice       0%         3d3       100%        3
 Ice Form                 Ice/Tmut       0%         N/A       100%        4
 Simulacrum               Ice/Necr       Unusable   N/A       N/A         6

Dungeon Overview and Level Annotations

Branches:
Dungeon (1/1)

Altars:
Cheibriados
Dithmenos
Elyvilon
Fedhas
Gozag
Hepliaklqana
Kikubaaqudgha
Makhleb
Nemelex Xobeh
Okawaru
Qazlal
Ru
Sif Muna
Trog
Uskayaw
Vehumet
Wu Jian
Xom
Yredelemnul
Zin
The Shining One
Jiyva
Lugonu

Shops:
D !([**![


Innate Abilities, Weirdness & Mutations

You are too large for most types of armour.
You have tough skin. (AC +1)


Message History

The stone giant is severely wounded.
The stone giant barely misses you.
You hit the stone giant.
The stone giant is almost dead.
You hit the stone giant.
The stone giant is almost dead.
You thump the stone giant!
You kill the stone giant!
Your Fighting skill increases to level 23!
Your Armour skill increases to level 5!
Things that are here:
189 gold pieces; 3 large rocks You crush the necromancer like a grape!!!
The necromancer is no longer distracted by gold.
The necromancer is almost dead.
You barely miss the necromancer.
The necromancer is almost dead.
You closely miss the necromancer.
The necromancer is almost dead.
The necromancer casts a spell at you. The bolt of negative energy hits you!!
You feel drained.
* * * LOW HITPOINT WARNING * * *
You hit the necromancer.
The necromancer is almost dead.
You barely miss the necromancer.
The necromancer is almost dead.
The necromancer casts a spell at you.
Your body is wracked with pain!
* * * LOW HITPOINT WARNING * * *
You beat the necromancer like a drum!!!
You kill the necromancer!
Your life force feels restored.
Your extra speed is starting to run out.
The deep troll shaman bites you!
* * * LOW HITPOINT WARNING * * *
The deep troll shaman claws you.
* * * LOW HITPOINT WARNING * * *
The deep troll shaman claws you!
You die...
Your body crumbles into a pile of gold.

...'........[[..'..[[.[..'....▓
▓▓▓▓▓▓▓▓▓▓▓▓▓▓▓▓▓▓▓▓▓▓▓▓▓▓▓▓▓.▓
..............................▓
▓▓▓▓▓▓▓▓▓▓▓▓▓▓▓▓▓▓▓▓▓▓▓▓▓▓▓▓▓▓▓
..'))[[[∩)∩.∩[∩.∩()['.........▓
▓▓▓▓▓▓▓▓▓▓▓▓▓▓▓▓▓▓▓▓▓▓▓▓▓▓▓▓▓.▓
..............................▓
▓▓▓▓▓▓▓▓▓▓▓▓▓▓▓▓▓▓▓▓▓▓▓▓▓▓▓▓▓▓▓
...=$$$$$$$$$$.$@T..+
▓▓▓▓▓▓▓▓▓▓▓▓▓▓▓▓▓▓▓▓▓


You could see a deep troll shaman.

Vanquished Creatures
  Gastronok (D)
  A stone giant (D)
  A very ugly thing (D)
  An ice dragon (D)
  2 hydras (D)
  A centaur warrior (D)
  Erica (D)
  3 catoblepae (D)
  A deep troll earth mage (D)
  2 death yaks (D)
  An orc high priest (D)
  3 skysharks (D)
  A lindwurm (D)
  A necromancer (D)
  4 ugly things (D)
  3 orc knights (D)
  An oklob plant (D)
  5 cyclopes (D)
  5 orc sorcerers (D)
  A black mamba (D)
  An unseen horror (D)
  A yaktaur (D)
  A komodo dragon (D)
  A troll (D)
  A spriggan (shapeshifter) (D)
  2 wraiths (D)
  A shadow (D)
  6 yaks (D)
  2 slime creatures (D)
  2 basilisks (D)
  A steam dragon (D)
  A water moccasin (D)
  12 orc warriors (D)
  3 bullfrogs (D)
  A hound (D)
  3 orc priests (D)
  5 orc wizards (D)
  A hell rat (D)
  2 adders (D)
  8 orcs (D)
  A ball python (D)
  2 goblins (D)
  A jackal (D)
  A bat (D)
  A frilled lizard (D)
100 creatures vanquished.

Vanquished Creatures (others)
  2 orcs (D)
2 creatures vanquished.

Grand Total: 102 creatures vanquished

Notes
Turn   | Place    | Note
-------+----------+-------------------------------------------
     0 | D        | rocky1 the Ogre Gladiator began the quest for the Orb.
     0 | D        | Reached XP level 1. HP: 22/22 MP: 1/1
    12 | D        | Banished a spatial maelstrom
    15 | D        | Reached skill level 3 in Fighting
    27 | D        | Noticed a hound
    31 | D        | Reached XP level 2. HP: 28/31 MP: 2/2
    49 | D        | Reached XP level 3. HP: 20/39 MP: 3/3
    57 | D        | Reached skill level 4 in Fighting
    57 | D        | Reached skill level 5 in Maces & Flails
    63 | D        | Found a snail-covered altar of Cheibriados.
    63 | D        | Found a shadowy altar of Dithmenos.
    63 | D        | Found a white marble altar of Elyvilon.
    63 | D        | Found a blossoming altar of Fedhas.
    63 | D        | Found an opulent altar of Gozag.
   172 | D        | Found a hazy altar of Hepliaklqana.
   173 | D        | Found a viscous altar of Jiyva.
   174 | D        | Found an ancient bone altar of Kikubaaqudgha.
   175 | D        | Found a corrupted altar of Lugonu.
   176 | D        | Found a burning altar of Makhleb.
   177 | D        | Found a sparkling altar of Nemelex Xobeh.
   178 | D        | Found an iron altar of Okawaru.
   179 | D        | Became a worshipper of Gozag Ym Sagoz the Greedy
   180 | D        | Found a stormy altar of Qazlal.
   181 | D        | Found a sacrificial altar of Ru.
   182 | D        | Found a shimmering blue altar of Sif Muna.
   183 | D        | Found a bloodstained altar of Trog.
   184 | D        | Found a hide-covered altar of Uskayaw.
   185 | D        | Found a radiant altar of Vehumet.
   186 | D        | Found an ornate altar of the Wu Jian Council.
   187 | D        | Found a shimmering altar of Xom.
   188 | D        | Found a basalt altar of Yredelemnul.
   189 | D        | Found a glowing silver altar of Zin.
   190 | D        | Found a glowing golden altar of the Shining One.
   218 | D        | Noticed a troll
   218 | D        | Noticed a wraith
   218 | D        | Noticed a wraith
   218 | D        | Noticed a shadow
   218 | D        | Noticed a yak
   218 | D        | Noticed a steam dragon
   229 | D        | HP: 1/40 [troll (8)]
   232 | D        | Killed a troll
   233 | D        | Reached skill level 7 in Fighting
   233 | D        | Reached skill level 1 in Stealth
   233 | D        | Reached XP level 4. HP: 24/55 MP: 4/4
   233 | D        | Reached XP level 5. HP: 27/62 MP: 5/5
   233 | D        | Reached XP level 6. HP: 31/71 MP: 6/6
   244 | D        | Killed a wraith
   245 | D        | Reached XP level 7. HP: 47/79 MP: 7/7
   264 | D        | Killed a wraith
   265 | D        | Reached skill level 8 in Fighting
   267 | D        | Killed a shadow
   268 | D        | Reached skill level 10 in Maces & Flails
   272 | D        | Killed a yak
   273 | D        | Reached skill level 9 in Fighting
   273 | D        | Reached XP level 8. HP: 43/92 MP: 8/8
   526 | D        | Noticed a cyclops
   526 | D        | Noticed a purple ugly thing
   526 | D        | Noticed a white ugly thing
   526 | D        | Noticed a slime creature
   526 | D        | Noticed a green ugly thing
   536 | D        | Killed a cyclops
   537 | D        | Reached skill level 10 in Fighting
   537 | D        | Reached skill level 5 in Throwing
   540 | D        | Killed an unseen horror
   541 | D        | Reached XP level 9. HP: 61/102 MP: 9/9
   551 | D        | Killed a purple ugly thing
   552 | D        | Reached skill level 11 in Fighting
   561 | D        | Killed a purple ugly thing
   562 | D        | Reached skill level 12 in Fighting
   562 | D        | Reached skill level 10 in Dodging
   576 | D        | Killed a green ugly thing
  1079 | D        | Noticed Gastronok
  1097 | D        | Killed Gastronok
  1098 | D        | Reached skill level 13 in Fighting
  1098 | D        | Reached skill level 15 in Maces & Flails
  1098 | D        | Reached XP level 10. HP: 49/120 MP: 10/10
  1264 | D        | Noticed Erica
  1276 | D        | Killed Erica
  1277 | D        | Reached skill level 14 in Fighting
  1486 | D        | Noticed a black mamba
  1493 | D        | Noticed a seven-headed hydra
  1499 | D        | Killed a black mamba
  1523 | D        | Reached skill level 15 in Fighting
  1529 | D        | Killed a seven-headed hydra
  1743 | D        | Noticed an oklob plant
  1743 | D        | Noticed a six-headed hydra
  1743 | D        | Noticed a lindwurm
  1796 | D        | Noticed a skyshark
  1801 | D        | Killed an oklob plant
  1802 | D        | Reached skill level 16 in Fighting
  1802 | D        | Reached XP level 11. HP: 124/135 MP: 11/11
  1802 | D        | Noticed a skyshark
  1813 | D        | Killed a six-headed hydra
  1815 | D        | Noticed a skyshark
  1832 | D        | Killed a lindwurm
  1833 | D        | Reached skill level 17 in Fighting
  1841 | D        | Killed a skyshark
  1854 | D        | Killed a skyshark
  2151 | D        | Killed a skyshark
  2152 | D        | Reached skill level 18 in Fighting
  2270 | D        | Noticed a catoblepas
  2270 | D        | Noticed a death yak
  2270 | D        | Noticed a catoblepas
  2270 | D        | Noticed a catoblepas
  2274 | D        | Killed a catoblepas
  2280 | D        | Noticed a death yak
  2288 | D        | Killed a death yak
  2416 | D        | Killed a catoblepas
  2417 | D        | Reached skill level 19 in Fighting
  2437 | D        | Killed a catoblepas
  2459 | D        | Killed a death yak
  2460 | D        | Reached XP level 12. HP: 36/156 MP: 12/12
  2840 | D        | Bought a potion of curing for 42 gold pieces
  2840 | D        | Bought a potion of curing for 42 gold pieces
  2840 | D        | Bought a potion of mutation for 112 gold pieces
  2840 | D        | Bought a potion of curing for 42 gold pieces
  2840 | D        | Bought a potion of haste for 140 gold pieces
  2840 | D        | Bought a potion of heal wounds for 70 gold pieces
  2840 | D        | Bought a potion of invisibility for 112 gold pieces
  2941 | D        | Reached skill level 20 in Fighting
  3275 | D        | Found Fais's Armour Emporium.
  3281 | D        | Found Moskozug's General Store.
  3285 | D        | Reached skill level 21 in Fighting
  3290 | D        | Found Olugyxt's General Store.
  3303 | D        | Found Gemotyll's Distillery.
  3309 | D        | Noticed an orc high priest
  3319 | D        | Killed an orc high priest
  3364 | D        | Bought a potion of cancellation for 112 gold pieces
  3364 | D        | Bought a scroll of silence for 133 gold pieces
  3364 | D        | Bought a scroll of blinking for 105 gold pieces
  3366 | D        | Bought a scroll of blinking for 90 gold pieces
  3366 | D        | Bought a condenser vane for 480 gold pieces
  3366 | D        | Bought 5 javelins for 180 gold pieces
  3366 | D        | Bought a scroll of brand weapon for 114 gold pieces
  3368 | D        | Bought a potion of cancellation for 80 gold pieces
  3368 | D        | Bought a potion of curing for 30 gold pieces
  3368 | D        | Bought a potion of might for 40 gold pieces
  3368 | D        | Bought a potion of berserk rage for 50 gold pieces
  3368 | D        | Bought a potion of mutation for 80 gold pieces
  3368 | D        | Bought a potion of mutation for 80 gold pieces
  3537 | D        | Bought a thick robe for 193 gold pieces
  3537 | D        | Identified the +1 robe of the Iron Devil {Rampage Drain
                  | Will- Str+8} (You bought it in a shop in the Dungeon)
  3546 | D        | Bought +1 storm dragon scales for 1044 gold pieces
  3721 | D        | Noticed a centaur warrior
  3731 | D        | Reached skill level 1 in Armour
  3741 | D        | Reached skill level 22 in Fighting
  3742 | D        | Noticed a green very ugly thing
  3745 | D        | Noticed a deep troll earth mage
  3757 | D        | Killed a centaur warrior
  3758 | D        | Noticed an ice dragon
  3768 | D        | Noticed a stone giant
  3773 | D        | Killed a red very ugly thing
  3779 | D        | Noticed a deep troll shaman
  3799 | D        | Killed a deep troll earth mage
  3800 | D        | Reached XP level 13. HP: 70/174 MP: 13/13
  3805 | D        | Killed an ice dragon
  3813 | D        | Killed a stone giant
  3814 | D        | Reached skill level 23 in Fighting
  3814 | D        | Reached skill level 5 in Armour
  3821 | D        | Slain by a deep troll shaman

Illustrated notes

Levels and vault maps discovered:
D:        linesprint [early_d, line_temple, items_1, d_10, items_2, lair_1,
          lair_end, items_3, orc_1, orc_end, items_4, d_15, swamp_1, shoals_1,
          snake_1, spider_1, d_20, vaults_1, items_5, swamp_end, shoals_end,
          snake_end, spider_end, vaults_end, d_27, items_6, zot_1, zot_end,
          crypt_end, forest_end, elf_end, slime_end, tomb_end, abyss_end,
          pan_hell_end]

Skill      XL: |  1  2  3  4  5  6  7  8  9 10 11 12 13 |
---------------+----------------------------------------+-----
Maces & Flails | 3 4 8 9 10 12 15 17 19 20 | 20.9
Dodging        | 3 4 7 8 9 10 11 12 14 | 14.0
Fighting       | 3 7 9 10 13 16 19 22 23 | 23.2
Throwing       | 4 5 |  5.1
Stealth        | 1 2 3 |  3.2
Armour         | 4 5 |  5.4

Action                     |  1- 3 |  4- 6 |  7- 9 | 10-12 | 13-15 || total
---------------------------+-------+-------+-------+-------+-------++-------
  Melee: Flail             |    37 |       |       |       |       ||    37
         Dire flail        |    12 |    11 |    84 |   242 |       ||   349
         Great mace        |       |       |       |   100 |    17 ||   117
  Throw: Throwing net      |     3 |       |       |     1 |       ||     4
 Invoke: Potion Petition   |       |       |     1 |     3 |       ||     4
         Call Merchant     |       |       |       |     3 |       ||     3
    Use: Potion            |     2 |     1 |     2 |     1 |       ||     6
         Scroll            |       |       |       |     2 |       ||     2
   Stab: Sleeping          |     1 |       |       |       |       ||     1
         Distracted        |       |       |     1 |     2 |       ||     3
         Invisible         |       |       |     8 |    10 |       ||    18
 Armour: Robe              |    13 |     2 |     5 |    36 |       ||    56
         Storm dragon scal |       |       |       |    31 |       ||    31
  Dodge: Dodged            |    38 |     2 |    24 |   135 |     3 ||   202

Table legend: (Time is in decaauts)
 A = Elapsed time spent in this place.
 B = Non-inter-level travel time spent in this place.
 C = Inter-level travel time spent in this place.
 D = Time resting spent in this place.
 E = Time spent auto-exploring this place.
 F = Levels seen in this place.
 G = Mean time per level.
                   A        B        C        D        E       F      G
               +--------+--------+--------+--------+--------+-----+--------+
         Total |   3650 |   3650 |      0 |   2513 |      0 |   1 | 3650.0 |
       Dungeon |   3650 |   3650 |      0 |   2513 |      0 |   1 | 3650.0 |
               +--------+--------+--------+--------+--------+-----+--------+

Top non-repeatable levels by time:
       D: 3650 daAuts
